[Event "Team 45 45 League T39"]
[Site "Internet Chess Club"]
[Date "2008.12.02"]
[Round "6"]
[White "ddlj81"]
[Black "Ianjo"]
[Result "0-1"]
[WhiteElo "1830"]
[BlackElo "1827"]
[Opening "Sicilian: Scheveningen (Paulsen), classical variation"]
[ECO "B84"]
[Time "22:00:22"]
[TimeControl "2700+45"]

1. e4 c5 2. Nf3 d6 3. d4 cxd4 4. Nxd4 Nf6 5. Nc3 a6 6. Be2 e6 7. Bg5 Be7 8. Qd2
Nbd7 9. O-O-O Qc7 10. f4 h6 11. Bxf6 Nxf6 12. g4 b5 13. Bf3 b4 14. Nce2 Bb7 15.
Qxb4 O-O 16. e5 Bxf3 17. Nxf3 dxe5 18. Qa4 exf4 19. Nxf4 Rab8 20. Nd3 Nd5 21.
Nfe5 Rfc8 22. Rhe1 Bg5+ 23. Rd2 Nc3 24. Qa3 Nxa2+ 25. Qxa2 Qxc2# {White
checkmated} 0-1

[Event "Team 45 45 League T39"]
[Site "Internet Chess Club"]
[Date "2008.11.30"]
[Round "6"]
[White "LuxAeterna"]
[Black "siddhu"]
[Result "1/2-1/2"]
[WhiteElo "1799"]
[BlackElo "1745"]
[Opening "Ruy Lopez: Berlin defense, open variation"]
[ECO "C67"]
[Time "13:27:41"]
[TimeControl "2700+45"]

1. e4 e5 2. Nf3 Nc6 3. Bb5 Nf6 4. O-O Nxe4 5. d4 Nd6 6. Bxc6 dxc6 7. dxe5 Nf5 8.
Qxd8+ Kxd8 9. Nc3 Ne7 10. h3 Bf5 11. Nd4 Bg6 12. Be3 c5 13. Nb3 b6 14. Rfd1+ Kc8
15. Rd2 Nf5 16. Bf4 Be7 17. Nd5 Re8 18. Rad1 Kb7 19. c4 Rad8 20. Nxe7 Rxd2 21.
Rxd2 Rxe7 22. Bh2 Kc6 23. f4 Rd7 24. g4 Rxd2 25. Nxd2 Ne3 26. f5 Nxf5 27. gxf5
Bxf5 28. h4 a6 29. Kf2 b5 30. Ke3 Be6 31. b3 a5 32. Bg1 a4 33. Kd3 axb3 34. axb3
bxc4+ 35. bxc4 h6 36. Ne4 Bf5 37. Be3 Kb6 38. Bf2 Kc6 39. Ke3 Be6 40. Nd2 g5 41.
h5 Bg4 42. Ke4 Be6 43. Kd3 Bg4 44. Ne4 Bxh5 45. Bxc5 g4 46. Bf8 Bg6 47. Ke3 h5
48. Kf4 Kd7 49. Nf6+ Ke6 50. Bb4 c5 51. Be1 Bd3 52. Nxh5 Bxc4 53. Bf2 g3 54.
Nxg3 f6 55. exf6 Kxf6 56. Bxc5 Ke6 57. Ne4 Ba2 {Game drawn by mutual agreement}
1/2-1/2

[Event "Team 45 45 League T39"]
[Site "Internet Chess Club"]
[Date "2008.11.29"]
[Round "6"]
[White "clarnibass"]
[Black "raimundo"]
[Result "1-0"]
[WhiteElo "1827"]
[BlackElo "1731"]
[Opening "English, 1...Nf6 (Anglo-Indian defense)"]
[ECO "A15"]
[Time "09:00:09"]
[TimeControl "2700+45"]

1. c4 Nf6 2. g3 d5 3. cxd5 Nxd5 4. Bg2 e6 5. d4 Bb4+ 6. Bd2 c5 7. Bxb4 Nxb4 8.
dxc5 O-O 9. a3 Qa5 10. Nc3 Nd5 11. Bxd5 exd5 12. b4 Qa6 13. Qxd5 Be6 14. Qd2 Nd7
15. Nf3 Rad8 16. Nd4 Bh3 17. f3 Qf6 18. Ne4 Qe5 19. Rd1 Qh5 20. Qg5 Qg6 21. Qxg6
fxg6 22. Ng5 Bf5 23. g4 h6 24. gxf5 hxg5 25. Ne6 {Black resigns} 1-0

[Event "Team 45 45 League T39"]
[Site "Internet Chess Club"]
[Date "2008.11.28"]
[Round "6"]
[White "GambitBandit"]
[Black "alastorx"]
[Result "1/2-1/2"]
[WhiteElo "2104"]
[BlackElo "1902"]
[Opening "Scandinavian (center counter) defense"]
[ECO "B01"]
[Time "14:00:06"]
[TimeControl "2700+45"]

1. e4 d5 2. exd5 Qxd5 3. Nc3 Qa5 4. d4 Nf6 5. Nf3 Nc6 6. Bd2 a6 7. Bc4 Qh5 8.
Ne5 Qxd1+ 9. Rxd1 e6 10. Nxc6 bxc6 11. O-O a5 12. Rfe1 Bd6 13. d5 cxd5 14. Nxd5
Bb7 15. Bb5+ c6 16. Nxf6+ gxf6 17. Bc4 Rg8 18. g3 Bb4 19. c3 Bc5 20. Bh6 Rg6 21.
Bf4 Ba6 22. Bb3 Rg7 23. Bc2 h5 24. Bd6 Bxd6 25. Rxd6 Bb5 26. a4 Ke7 27. Red1 Be2
28. R1d4 Bf3 29. Rd7+ Ke8 30. Rc7 Bd5 31. b3 f5 32. c4 Bf3 33. Rd6 h4 34. Rxe6+
fxe6 35. Rxg7 Kf8 36. Rh7 Rd8 37. Rh8+ Ke7 38. Rxd8 Kxd8 39. gxh4 c5 40. Kf1 Ke7
41. Ke1 Kf6 42. Kd2 e5 43. Ke3 Bc6 44. f4 e4 45. Bd1 Kg6 46. Kd2 Kf6 47. Kc3 Kg6
48. b4 axb4+ 49. Kb3 Kh6 50. a5 Kg6 51. a6 Kh6 52. a7 Kg6 53. Kb2 Bb7 54. Kc2
Bc6 55. h5+ Kh6 56. Kd2 Bb7 57. Ke3 Bc6 58. Kd2 {Game drawn by mutual agreement}
1/2-1/2

[Event "Team 45 45 League T39"]
[Site "Internet Chess Club"]
[Date "2008.12.01"]
[Round "6"]
[White "Egmont"]
[Black "kidviper"]
[Result "0-1"]
[WhiteElo "1627"]
[BlackElo "1739"]
[Opening "Ruy Lopez: closed defense"]
[ECO "C84"]
[Time "13:57:34"]
[TimeControl "2700+45"]

1. e4 e5 2. Nf3 Nc6 3. Bb5 a6 4. Ba4 Nf6 5. O-O Be7 6. c3 b5 7. Bc2 O-O 8. d4
exd4 9. Nxd4 Bb7 10. Re1 d5 11. e5 Nd7 12. f4 Nxd4 13. cxd4 c5 14. dxc5 Bxc5+
15. Kh1 Rc8 16. Nc3 Nb6 17. Ne2 Qc7 18. Bf5 Rcd8 19. Nd4 Bxd4 20. Qxd4 Bc8 21.
Bd3 Bb7 22. Bd2 Nc4 23. Rac1 Qe7 24. Bc3 b4 25. b3 Rc8 26. Ba1 Qc5 27. bxc4 Qc6
28. c5 a5 29. f5 Rc7 30. f6 g6 31. Qh4 Kh8 32. Qh6 Rg8 33. Re3 d4 34. Be4 dxe3
35. Bxc6 Rxc6 36. Qxe3 Rd8 37. Qh6 Rg8 38. Bd4 a4 39. Be3 b3 40. axb3 axb3 41.
Rb1 Ra6 42. Rxb3 Ra1+ 43. Bc1 g5 44. Rxb7 Rxc1# {White checkmated} 0-1

[Event "Team 45 45 League T39"]
[Site "Internet Chess Club"]
[Date "2008.11.30"]
[Round "6"]
[White "GtoG"]
[Black "NFK"]
[Result "1/2-1/2"]
[WhiteElo "1674"]
[BlackElo "1686"]
[Opening "Sicilian: accelerated fianchetto, modern variation with Bc4"]
[ECO "B35"]
[Time "12:57:18"]
[TimeControl "2700+45"]

1. e4 c5 2. Nf3 g6 3. d4 cxd4 4. Nxd4 Bg7 5. Be3 Nf6 6. Nc3 Nc6 7. Bc4 O-O 8.
Qd2 Nxe4 9. Nxe4 d5 10. Nxc6 bxc6 11. Rd1 Qc7 12. Bxd5 cxd5 13. Qxd5 Bb7 14. Qc5
Qxc5 15. Nxc5 Bxg2 16. Rg1 Bf3 17. Rd7 Bxb2 18. Rg3 Bc6 19. Rxe7 Bc3+ 20. Bd2
Bd4 21. Be3 Bc3+ 22. Bd2 Bf6 23. Rc7 Bd5 24. Bf4 Rfe8+ 25. Re3 Bc3+ 26. Kf1 Rxe3
27. Bxe3 Bxa2 28. Ne4 Be5 29. Rxa7 Rxa7 30. Bxa7 Bb1 31. Be3 Bxc2 32. Ng5 Bxh2
33. f4 Bg3 34. Kg2 Bh4 35. Bd2 h5 36. Bc3 Bxg5 37. fxg5 Kf8 38. Kg3 Ke7 39. Kh4
Ke6 40. Bf6 Kf5 41. Be7 Kf4 42. Bf6 Bd3 43. Be7 f5 44. gxf6 Bc4 45. Bd6+ Kf5 46.
Be7 Bf7 47. Bd8 g5+ 48. Kh3 Kf4 49. Bc7+ Kf3 50. Kh2 g4 51. Bg3 {Game drawn by
mutual agreement} 1/2-1/2

[Event "Team 45 45 League T39"]
[Site "Internet Chess Club"]
[Date "2008.11.29"]
[Round "6"]
[White "BrerRabbit"]
[Black "chesskix"]
[Result "1-0"]
[WhiteElo "1636"]
[BlackElo "1571"]
[Opening "English: Caro-Kann defensive system"]
[ECO "A11"]
[Time "20:02:15"]
[TimeControl "2700+45"]

1. c4 c6 2. g3 d5 3. Bg2 dxc4 4. Na3 Be6 5. Qc2 g6 6. Nxc4 Bg7 7. Nf3 Nd7 8. O-O
Nh6 9. d3 Ng4 10. Bd2 Bxc4 11. dxc4 O-O 12. Rad1 Qb6 13. Bc3 Ngf6 14. Rd2 Rad8
15. Rfd1 Bh6 16. e3 Qc7 17. Bd4 c5 18. Bc3 Ng4 19. h3 Nxe3 20. fxe3 Bxe3+ 21.
Kh2 Bxd2 22. Rxd2 b6 23. Qe4 Nf6 24. Qe5 Qxe5 25. Nxe5 Rxd2 26. Bxd2 Rd8 27. Bc3
Nh5 28. a3 a5 29. Nc6 Rd7 30. Bf3 Kf8 31. Bg4 Rd3 32. Bxh5 gxh5 33. Kg2 f6 34.
Na7 Kf7 35. Nc8 e5 36. Nxb6 e4 37. Nd5 e3 38. Kf3 e2+ 39. Kxe2 Rxg3 40. Bxf6
Rxh3 41. Kf2 Rh2+ 42. Kg3 Rc2 43. Bc3 a4 44. Nb6 Kg6 45. Nxa4 Kf5 46. Nxc5 Rc1
47. a4 Rg1+ 48. Kh2 Rg4 49. b3 h4 50. a5 Rg3 51. Be1 Rg4 52. Bf2 Kf4 53. b4 Kf3
54. Bg1 Rxc4 55. b5 Rc2+ 56. Kh3 Rc4 57. b6 Rg4 58. Bh2 Rc4 59. b7 Rxc5 60. b8=Q
Rxa5 61. Qb3+ Ke2 62. Qc2+ Kf3 63. Qc3+ {Black resigns} 1-0

[Event "Team 45 45 League T39"]
[Site "Internet Chess Club"]
[Date "2008.11.29"]
[Round "6"]
[White "tsia68"]
[Black "Gregorio"]
[Result "1-0"]
[WhiteElo "1887"]
[BlackElo "2025"]
[Opening "English, 1...Nf6 (Anglo-Indian defense)"]
[ECO "A15"]
[Time "10:05:57"]
[TimeControl "2700+45"]

1. c4 Nf6 2. g3 c6 3. Bg2 d5 4. b3 g6 5. Bb2 Bg7 6. Nf3 O-O 7. O-O Re8 8. e3
Nbd7 9. d4 Ne4 10. Qe2 b6 11. Nbd2 Nxd2 12. Nxd2 Ba6 13. Rfd1 Rc8 14. Qe1 e5 15.
dxe5 Nxe5 16. Nf1 Nd3 17. Rxd3 Bxb2 18. Rb1 Qf6 19. Qd1 dxc4 20. Rd6 Qe5 21.
Bxc6 Rxc6 22. Rxc6 c3 23. Rd6 Qe4 24. Rd4 Qc6 25. Rd6 Qe4 26. Rd4 Qf5 27. g4 Qc8
28. Qc2 Qc6 29. Ng3 Bb7 30. e4 Qf6 31. Rbd1 Kg7 32. R1d3 Qf4 33. h3 Ba6 34. Rxc3
Bxc3 35. Qxc3 Qe5 36. Qd2 Rc8 37. Qd1 Rc3 38. Rd5 Rxg3+ 39. fxg3 Qxg3+ 40. Kh1
Qxh3+ 41. Kg1 Qe3+ 42. Kh2 Qf4+ 43. Kg1 Qg3+ 44. Kh1 Bc8 45. Qd4+ f6 46. g5 Qf3+
47. Kg1 Be6 48. Qxf6+ Qxf6 49. gxf6+ Kxf6 50. Rb5 Bd7 51. Rd5 Bc6 52. Rd6+
{Black resigns} 1-0

[Event "Team 45 45 League T39"]
[Site "Internet Chess Club"]
[Date "2008.11.29"]
[Round "6"]
[White "MRX"]
[Black "primerpaso"]
[Result "0-1"]
[WhiteElo "1716"]
[BlackElo "1836"]
[Opening "Sicilian: Najdorf, 7...Be7 main line"]
[ECO "B99"]
[Time "12:09:13"]
[TimeControl "2700+45"]

1. e4 c5 2. Nf3 d6 3. d4 cxd4 4. Nxd4 Nf6 5. Nc3 a6 6. Bg5 e6 7. f4 Be7 8. Qf3
Qc7 9. O-O-O Nbd7 10. Bd3 Nc5 11. Rhe1 O-O 12. e5 dxe5 13. fxe5 Nd5 14. Bxe7
Nxd3+ 15. Rxd3 Nxe7 16. Qh5 Ng6 17. Rh3 h6 18. g4 Nf4 19. Qh4 Nxh3 20. Qxh3 f6
21. exf6 Qf4+ 22. Kb1 Qxf6 23. Nb3 e5 24. Nd5 Qg5 25. Qc3 Bxg4 26. Rxe5 Rf1+ 27.
Re1 {White resigns} 0-1

[Event "Team 45 45 League T39"]
[Site "Internet Chess Club"]
[Date "2008.11.30"]
[Round "6"]
[White "clarinetref"]
[Black "BotanicalKnight"]
[Result "1-0"]
[WhiteElo "1720"]
[BlackElo "1606"]
[Opening "Réti v Dutch"]
[ECO "A04"]
[Time "20:06:08"]
[TimeControl "2700+45"]

1. Nf3 f5 2. b3 Nf6 3. Bb2 e6 4. Nc3 d5 5. d3 c6 6. g3 Be7 7. Bg2 O-O 8. O-O
Nbd7 9. Re1 h6 10. e4 g5 11. exd5 exd5 12. Nd4 Nb6 13. a4 a5 14. Qd2 Re8 15. Ne6
Bxe6 16. Rxe6 Bb4 17. Qe2 Qd7 18. Rxe8+ Rxe8 19. Qf3 g4 20. Qf4 Nh5 21. Qxh6 Qf7
22. Nxd5 Ng7 23. Nf6+ {Black resigns} 1-0

[Event "Team 45 45 League T39"]
[Site "Internet Chess Club"]
[Date "2008.12.01"]
[Round "6"]
[White "musk6868"]
[Black "frankd"]
[Result "1/2-1/2"]
[WhiteElo "1547"]
[BlackElo "1537"]
[Opening "Pirc: classical (two knights) system"]
[ECO "B08"]
[Time "20:00:20"]
[TimeControl "2700+45"]

1. e4 d6 2. d4 Nf6 3. Nc3 g6 4. Nf3 Bg7 5. Bc4 O-O 6. O-O c6 7. e5 Ne8 8. Re1 d5
9. Bf1 Bg4 10. Qd3 Qb6 11. Na4 Qb4 12. Nc3 Bxf3 13. a3 Qb6 14. gxf3 Qd8 15. Na4
Nd7 16. Bd2 Nc7 17. f4 e6 18. b4 Qh4 19. Qg3 Qxg3+ 20. fxg3 b5 21. Nb2 Nb6 22.
a4 a6 23. a5 Nc4 24. Nxc4 dxc4 25. Bg2 Nd5 26. c3 h5 27. Kf2 Rfd8 28. Bf3 Bf8
29. Rg1 Bh6 30. Be4 Rac8 31. Rac1 Kf8 32. Kf3 Ke7 33. g4 hxg4+ 34. Rxg4 Rh8 35.
h4 Bg7 36. Rh1 Rcg8 37. Rg3 Kd7 38. Rgh3 Rh5 39. Rg3 Rgh8 40. Rgh3 Bf8 41. Ke2
Be7 42. Bxd5 cxd5 43. Be1 Rf5 44. Ke3 Bf8 45. Kf3 Bh6 46. Bg3 Bg7 47. Kg4 Rhh5
48. Kf3 Bh6 49. Kg4 Bf8 50. Kf3 Be7 51. Kg4 {Game drawn by mutual agreement}
1/2-1/2

[Event "Team 45 45 League T39"]
[Site "Internet Chess Club"]
[Date "2008.12.01"]
[Round "6"]
[White "lele"]
[Black "PawnMorphy"]
[Result "1/2-1/2"]
[WhiteElo "2136"]
[BlackElo "1880"]
[Opening "QGA, Janowsky-Larsen variation"]
[ECO "D25"]
[Time "14:01:51"]
[TimeControl "2700+45"]

1. d4 d5 2. Nf3 Nf6 3. c4 dxc4 4. e3 Bg4 5. Bxc4 e6 6. h3 Bh5 7. Nbd2 Nbd7 8.
O-O c5 9. Qb3 Qb6 10. Qxb6 axb6 11. Bb5 Bd6 12. Nc4 Bc7 13. Nfe5 Be2 14. Re1
Bxc4 15. Nxc4 O-O 16. b3 cxd4 17. exd4 Rfd8 18. a4 Nd5 19. Bg5 N7f6 20. Rac1 h6
21. Be3 Rac8 22. Kf1 Ne7 23. Ne5 Nfd5 24. Nc4 Nf5 {Game drawn by mutual
agreement} 1/2-1/2

[Event "Team 45 45 League T39"]
[Site "Internet Chess Club"]
[Date "2008.11.27"]
[Round "6"]
[White "LAJ"]
[Black "Ehab"]
[Result "1-0"]
[WhiteElo "1822"]
[BlackElo "1872"]
[Opening "Scandinavian (center counter) defense"]
[ECO "B01"]
[Time "16:00:32"]
[TimeControl "2700+45"]

1. e4 d5 2. exd5 Qxd5 3. Nf3 Nf6 4. d4 a6 5. Be2 e6 6. O-O b5 7. Nc3 Qd6 8. Ne5
Bb7 9. Bf4 Qb6 10. a4 b4 11. a5 Qa7 12. Na2 Nbd7 13. Nxd7 Nxd7 14. Qd2 Bd6 15.
Bxd6 cxd6 16. Qxb4 O-O 17. Qxd6 Rfd8 18. c3 Rab8 19. Nb4 Qa8 20. f3 Nf6 21. Qg3
Nd5 22. Nxd5 Rxd5 23. Bd3 h6 24. Be4 Rg5 25. Qf2 Bxe4 26. fxe4 Qxe4 27. Qxf7+
Kh8 28. Qf2 Rbb5 29. Rae1 Qg6 30. Qf8+ Kh7 31. Re2 Rxa5 32. Rfe1 Ra2 33. Qc8 a5
34. Qc4 Rxb2 35. Rxb2 Qh5 36. Qxe6 a4 37. Qe4+ Rg6 38. Rb6 {Black resigns} 1-0

[Event "Team 45 45 League T39"]
[Site "Internet Chess Club"]
[Date "2008.12.02"]
[Round "6"]
[White "Warpdrive"]
[Black "Rlopez"]
[Result "1-0"]
[WhiteElo "1698"]
[BlackElo "1723"]
[Opening "Sicilian: dragon, classical attack"]
[ECO "B72"]
[Time "20:00:08"]
[TimeControl "2700+45"]

1. e4 c5 2. Nf3 d6 3. d4 cxd4 4. Nxd4 Nf6 5. Nc3 g6 6. Be2 Bg7 7. Be3 Bd7 8. Qd2
Nc6 9. h4 h5 10. O-O-O O-O 11. Nxc6 Bxc6 12. f3 Qa5 13. Kb1 Rfd8 14. Bc4 Rac8
15. Nd5 Qxd2 16. Rxd2 Nxd5 17. Bxd5 Bxd5 18. Rxd5 a6 19. Rhd1 Kf8 20. f4 Ke8 21.
Bb6 Rd7 22. e5 Rc6 23. Ba5 e6 24. Rxd6 Rdxd6 25. exd6 Kd7 26. Bc7 Bf8 27. Kc1
Bxd6 28. Bxd6 Rxd6 29. Rxd6+ Kxd6 30. Kd2 Kd5 31. Kd3 e5 32. fxe5 Kxe5 33. Ke3
Kf5 34. b4 f6 35. c4 Ke5 36. a4 g5 37. a5 g4 38. g3 f5 39. b5 axb5 40. cxb5 Kd5
41. a6 bxa6 42. bxa6 Kc6 43. Kf4 Kb6 44. Kxf5 Kxa6 45. Kg5 {Black resigns} 1-0

[Event "Team 45 45 League T39"]
[Site "Internet Chess Club"]
[Date "2008.12.01"]
[Round "6"]
[White "hondocando"]
[Black "johnnyperez"]
[Result "0-1"]
[WhiteElo "1666"]
[BlackElo "1692"]
[Opening "Center game: Paulsen attack"]
[ECO "C22"]
[Time "20:05:19"]
[TimeControl "2700+45"]

1. e4 e5 2. d4 exd4 3. Qxd4 Nc6 4. Qe3 b6 5. Nc3 d6 6. Bd2 Be7 7. O-O-O h6 8. f4
Nf6 9. h3 O-O 10. g4 d5 11. exd5 Nxd5 12. Qf3 Ncb4 13. Bc4 Bb7 14. Bxd5 Bxd5 15.
Nxd5 Qxd5 16. Bxb4 Qxf3 17. Nxf3 Bxb4 18. Rd7 Bd6 19. f5 Rad8 20. Rxd8 Rxd8 21.
c3 Bg3 22. Rg1 Bf4+ 23. Kc2 Kf8 24. Re1 Rd5 25. c4 Rd7 26. Re4 Bd6 27. a3 a5 28.
Kc3 c5 29. Nd2 Be7 30. b3 Bf6+ 31. Kc2 Rd4 32. Rxd4 Bxd4 33. Nf3 Bf6 34. Kd3 Ke7
35. Ke4 g5 36. fxg6 fxg6 37. Kd5 Kf7 38. Kc6 Bd8 39. Kd5 Kf6 40. h4 h5 41. gxh5
gxh5 42. Ke4 Bc7 43. a4 Bg3 44. Kd5 Kf5 45. Kc6 Kf4 46. Ng1 Bf2 47. Ne2+ Kg4 48.
Kxb6 Kxh4 49. Kxa5 Kg4 50. Nc3 h4 51. Ne4 Kf3 52. Ng5+ Kg4 53. Ne4 Bd4 54. Kb5
h3 55. a5 h2 56. Nxc5 h1=Q 57. a6 Qh5 58. b4 Qe8+ 59. Kb6 Qb8+ 60. Ka5 Bxc5 61.
bxc5 Qc7+ 62. Kb5 Kf5 63. c6 Ke5 64. c5 Kd5 65. a7 Qxc6+ 66. Ka5 Ke6 67. a8=Q
Qxa8+ 68. Kb6 Kd7 {White resigns} 0-1

[Event "Team 45 45 League T39"]
[Site "Internet Chess Club"]
[Date "2008.11.30"]
[Round "6"]
[White "DaPaz"]
[Black "DavidBarnsley"]
[Result "0-1"]
[WhiteElo "1983"]
[BlackElo "2049"]
[Opening "French: Chigorin variation"]
[ECO "C00"]
[Time "15:25:10"]
[TimeControl "2700+45"]

1. e4 e6 2. Qe2 c5 3. g3 Nc6 4. Bg2 Nd4 5. Qd1 d5 6. Nc3 Nf6 7. d3 dxe4 8. Nxe4
Nxe4 9. dxe4 e5 10. c3 Nc6 11. Qxd8+ Kxd8 12. Be3 Be6 13. Ne2 Kc7 14. f4 f6 15.
b3 a5 16. O-O-O a4 17. Kb2 Na5 18. c4 axb3 19. axb3 Bxc4 20. Nc3 Bxb3 21. Nd5+
Bxd5 {White resigns} 0-1

[Event "Team 45 45 League T39"]
[Site "Internet Chess Club"]
[Date "2008.11.29"]
[Round "6"]
[White "Zebbile"]
[Black "yopuedocontodos"]
[Result "1-0"]
[WhiteElo "1900"]
[BlackElo "1991"]
[Opening "Réti opening"]
[ECO "A04"]
[Time "20:45:59"]
[TimeControl "2700+45"]

1. Nf3 g6 2. d4 Bg7 3. Bf4 d6 4. Nc3 Nd7 5. Qd2 c6 6. O-O-O b5 7. e4 b4 8. Ne2
a5 9. e5 d5 10. Ng3 e6 11. h4 h5 12. Bd3 Ba6 13. Kb1 Bxd3 14. cxd3 Ne7 15. Rc1
Qb6 16. Bg5 Nc8 17. Qf4 Nb8 18. Bf6 Bh6 19. Ng5 Rf8 20. Ne2 Nd7 21. g4 hxg4 22.
Qxg4 Nxf6 23. exf6 Bxg5 24. hxg5 Nd6 25. Qf4 O-O-O 26. Rc5 Kd7 27. Rhc1 Rc8 28.
Ng1 Nb7 29. R5c2 Qc7 30. Qe3 Nd6 31. Nf3 Nf5 32. Ne5+ Ke8 33. Qf4 Qa7 34. Nxc6
Qb6 35. Rc5 a4 36. Ne7 Rxc5 37. dxc5 Qb5 38. Nxf5 Qxd3+ 39. Ka1 a3 40. Qb8+ Kd7
41. c6# {Black checkmated} 1-0

[Event "Team 45 45 League T39"]
[Site "Internet Chess Club"]
[Date "2008.12.06"]
[Round "6"]
[White "kabindra"]
[Black "cityprosecutor"]
[Result "0-1"]
[WhiteElo "1717"]
[BlackElo "1726"]
[Opening "Sicilian: Tartakower variation"]
[ECO "B53"]
[Time "15:08:27"]
[TimeControl "2700+45"]

1. e4 c5 2. Nf3 d6 3. d4 cxd4 4. c3 Nf6 5. e5 dxe5 6. Nxe5 Qd5 7. cxd4 e6 8. Nc3
Qa5 9. Bd2 Qd8 10. Bb5+ Nbd7 11. Bg5 Be7 12. Bxf6 Bxf6 13. Qa4 a6 14. Rd1 Rb8
15. Bxd7+ Bxd7 16. Nxd7 Qxd7 17. Qxd7+ Kxd7 18. Ne4 Be7 19. Nc5+ Kc6 20. b4 Rhd8
21. O-O Rd5 22. Rc1 Kb5 23. a4+ Kxb4 24. Rb1+ Ka5 25. Nxb7+ Kxa4 26. Nc5+ Bxc5
27. Rxb8 Bxd4 28. Rfb1 a5 29. Kf1 Bc3 30. R8b7 Rd4 31. Rxf7 Rb4 32. Rc1 Kb3 33.
Rf3 Rc4 34. Ke2 Kb2 35. Kd1 Rd4+ 36. Ke2 Kxc1 37. Rxc3+ Kb2 38. Rc7 a4 39. Rxg7
a3 40. Rb7+ Ka2 41. Ke3 Rd1 42. Ke2 Rb1 43. Ra7 Rb3 44. Rd7 Ka1 45. Kd2 a2 46.
Kc2 Rb2+ 47. Kc3 Rb1 48. Kc2 Rf1 49. Kb3 Rb1+ 50. Ka3 Rc1 51. Kb3 Kb1 {White
resigns} 0-1

[Event "Team 45 45 League T39"]
[Site "Internet Chess Club"]
[Date "2008.11.27"]
[Round "6"]
[White "mcplayerus"]
[Black "Despair"]
[Result "1-0"]
[WhiteElo "1974"]
[BlackElo "1958"]
[Opening "QGD: Albin counter-gambit"]
[ECO "D08"]
[Time "18:02:25"]
[TimeControl "2700+45"]

1. d4 d5 2. c4 e5 3. e3 dxc4 4. d5 Nf6 5. Bxc4 c6 6. Nc3 b5 7. Be2 b4 8. Na4
Qxd5 9. Nf3 Qxd1+ 10. Bxd1 Bg4 11. O-O Bd6 12. a3 c5 13. axb4 cxb4 14. Nb6 axb6
15. Rxa8 O-O 16. Bb3 Bxf3 17. gxf3 Nbd7 18. Rxf8+ Kxf8 19. Rd1 Bc5 20. Ba4 Ke7
21. b3 Bd6 22. Bd2 h6 23. Rc1 e4 24. fxe4 Ne5 25. Be1 Nxe4 26. f4 Bc5 27. Bxb4
Bxb4 28. fxe5 Nc3 29. Kg2 b5 30. Bxb5 Nxb5 31. Rc4 Nc3 32. Rxb4 Ke6 33. Rb7 Nd1
34. Kf3 Nc3 35. b4 g5 36. Rb6+ Kxe5 37. Rxh6 f5 38. Rc6 g4+ 39. Kg2 Nd5 40. Rc5
Ke4 41. Rxd5 Kxd5 42. Kg3 Kc4 43. Kf4 {Black resigns} 1-0

[Event "Team 45 45 League T39"]
[Site "Internet Chess Club"]
[Date "2008.11.28"]
[Round "6"]
[White "fishhead"]
[Black "Pawntrader66"]
[Result "1/2-1/2"]
[WhiteElo "1835"]
[BlackElo "1944"]
[Opening "Caro-Kann: two knights, 3...Bg4"]
[ECO "B10"]
[Time "15:00:13"]
[TimeControl "2700+45"]

1. e4 c6 2. Nf3 d5 3. Nc3 Bg4 4. h3 Bh5 5. exd5 cxd5 6. Bb5+ Nc6 7. d4 e6 8. g4
Bg6 9. Ne5 Rc8 10. Bf4 Bb4 11. Qd2 Ne7 12. O-O-O Qa5 13. Kb1 O-O 14. Bxc6 Nxc6
15. Nxg6 fxg6 16. Be3 Ne7 17. Bg5 Rf7 18. Qe2 Rxc3 19. bxc3 Bxc3 20. Rd3 Qa3 21.
Rxc3 Qxc3 22. Qxe6 Qb4+ 23. Kc1 Qa3+ 24. Kb1 Qb4+ 25. Kc1 Qa3+ {Game drawn by
mutual agreement} 1/2-1/2

[Event "Team 45 45 League T39"]
[Site "Internet Chess Club"]
[Date "2008.11.26"]
[Round "6"]
[White "charles-allen"]
[Black "matein7"]
[Result "1-0"]
[WhiteElo "1883"]
[BlackElo "1835"]
[Opening "Scandinavian defense"]
[ECO "B01"]
[Time "21:00:16"]
[TimeControl "2700+45"]

1. e4 d5 2. exd5 Nf6 3. Nf3 Nxd5 4. d4 Bg4 5. Be2 e6 6. O-O Be7 7. c4 Nb6 8. Nc3
O-O 9. Be3 Nc6 10. b3 Bf6 11. Ne4 Be7 12. a3 f5 13. Nc5 f4 14. Nxb7 Qc8 15. d5
e5 16. dxc6 e4 17. Bxb6 exf3 18. Bxf3 Bxf3 19. Qxf3 cxb6 20. Rfe1 Bf6 21. Rad1
Qf5 22. Qd5+ Qxd5 23. cxd5 Kf7 24. Nd6+ Kg6 25. Re6 Kh5 26. c7 h6 27. Ne4 Bh4
28. g3 Bg5 29. Nxg5 hxg5 30. d6 Rac8 31. d7 Rxc7 32. d8=Q Rxd8 33. Rxd8 Rc1+ 34.
Kg2 Kg4 35. gxf4 gxf4 36. f3+ Kf5 37. Red6 Rb1 38. Rd3 Rb2+ 39. Kh3 g5 40. R8d5+
Kg6 41. Rd7 {Black resigns} 1-0

[Event "Team 45 45 League T39"]
[Site "Internet Chess Club"]
[Date "2008.12.01"]
[Round "6"]
[White "TerryMalloy"]
[Black "cityprosecutor"]
[Result "1-0"]
[WhiteElo "1916"]
[BlackElo "1721"]
[Opening "Grünfeld defense"]
[ECO "D80"]
[Time "15:12:08"]
[TimeControl "2700+45"]

1. d4 Nf6 2. c4 g6 3. Nc3 d5 4. e3 Bg7 5. Qb3 e6 6. Qa3 Nc6 7. Nf3 Ne7 8. Be2
O-O 9. O-O b6 10. cxd5 Nexd5 11. Rd1 Bb7 12. Bd2 Re8 13. Rac1 Bf8 14. Qa4 a6 15.
a3 Qd7 16. Qxd7 Nxd7 17. Nxd5 Bxd5 18. Rxc7 Red8 19. Rcc1 e5 20. dxe5 Bb3 21.
Re1 Nxe5 22. Bc3 Nd7 23. Nd4 Bd5 24. Red1 Nc5 25. Bf3 Ne4 26. Ne2 Nxc3 27. Nxc3
Bxf3 28. gxf3 Bg7 29. Rxd8+ Rxd8 30. Rd1 Rc8 31. Rd3 b5 32. Kf1 Rc4 33. Rd8+ Bf8
34. f4 b4 35. axb4 Rxb4 36. Rd2 Rb3 37. Ke2 Bb4 38. Kd3 Ba5 39. Kc2 Rb4 40. Rd5
Bc7 41. b3 Kf8 42. Rd7 Ba5 43. Rd6 Rb6 44. Rxb6 Bxb6 45. Kd3 f5 46. Nd5 Ba5 47.
b4 Bd8 48. Kd4 Ke8 49. Kc5 Kd7 50. f3 Kc8 51. Kc6 Kb8 52. e4 fxe4 53. fxe4 Ka7
54. e5 Bh4 55. e6 {Black resigns} 1-0

[Event "Team 45 45 League T39"]
[Site "Internet Chess Club"]
[Date "2008.11.30"]
[Round "6"]
[White "Rhel"]
[Black "ChessChamp"]
[Result "0-1"]
[WhiteElo "1529"]
[BlackElo "1750"]
[Opening "Benkö gambit half accepted"]
[ECO "A57"]
[Time "14:02:05"]
[TimeControl "2700+45"]

1. d4 Nf6 2. c4 c5 3. d5 b5 4. cxb5 a6 5. b6 d6 6. Nc3 Qxb6 7. g3 g6 8. Bg2 Bg7
9. e4 O-O 10. Nge2 Nbd7 11. O-O a5 12. Rb1 Ba6 13. Re1 Ne5 14. Na4 Qb7 15. Nec3
Nd3 16. Re3 c4 17. h3 Nd7 18. b3 Qc7 19. bxc4 Qxc4 20. Bf1 N7c5 21. Nxc5 Nxf2
22. Kxf2 Qxc5 23. Na4 Qd4 24. Qxd4 Bxd4 25. Bxa6 Rxa6 26. Rb7 Rc8 27. Bb2 Rc2+
28. Kf3 Bxe3 29. Kxe3 Ra8 30. Nb6 Rxb2 31. Nxa8 Rxb7 32. Kd4 Kf8 33. e5 Ke8 34.
exd6 exd6 35. h4 Kd7 36. g4 Rb8 {White resigns} 0-1

[Event "Team 45 45 League T39"]
[Site "Internet Chess Club"]
[Date "2008.11.29"]
[Round "6"]
[White "Fezzik"]
[Black "LubanaColorok"]
[Result "1-0"]
[WhiteElo "1999"]
[BlackElo "2033"]
[Opening "QGA: classical, 6...a6"]
[ECO "D27"]
[Time "22:01:30"]
[TimeControl "2700+45"]

1. d4 d5 2. c4 dxc4 3. e3 e6 4. Bxc4 Nf6 5. Nf3 a6 6. O-O c5 7. Nc3 Nc6 8. a4
cxd4 9. exd4 Nb4 10. Bg5 Be7 11. Re1 O-O 12. Ne5 Qc7 13. Qb3 Nc6 14. Nxc6 bxc6
15. Rac1 Rb8 16. Qc2 Qb6 17. Bf4 Rb7 18. b3 Rd7 19. Be3 Nd5 20. Nxd5 cxd5 21.
Bd3 h6 22. Qc6 Qxb3 23. Rc3 Qb7 24. Rb1 Bb4 25. Bxa6 Qxa6 26. Qxa6 Bxa6 27. Rxb4
Ra8 28. Rc5 Bc4 29. a5 Rda7 30. Ra4 h5 31. f3 Kf8 32. Bf4 g6 33. Bc7 Ra6 34. Bb6
Ke7 35. Rb4 Kf6 36. Kf2 Re8 37. Bc7 Kf5 38. Rbxc4 Rc8 39. Rc2 f6 40. Bb6 Re8 41.
Rc6 e5 42. R2c5 Re6 43. g4+ hxg4 44. fxg4+ Ke4 45. Rxe6 Kxd4 46. Rc7+ Ke4 47.
Rxf6 d4 48. Rd7 d3 49. Rf8 g5 50. h3 Rxa5 51. Bxa5 d2 52. Rfd8 Kf4 53. Bxd2+ Ke4
54. Bc3 Kf4 55. Rf7+ Ke4 56. Re7 Kf4 57. Bxe5+ Ke4 58. Bg3# {Black checkmated}
1-0